AoeStats
← Springles

Oasis

509611633Analyzed
4v4 RM · 5d ago on Sep 27, 2026· 7m 34s· 8 players
Game mode
Random Map
Map size
Large (8 player)
Population
200
Speed
Normal
Resources
Standard
Victory
Conquest
Starting age
Dark Age
Ending age
Imperial Age
RankedLock teamsTeams togetherTeam positionsShared explorationLock speedFull tech treeHidden civsTurbo modeCheats
Victory
Defeat
🇧🇷 Muisca · Brazil
1837
+8
🇧🇷 Japanese · Brazil
1804
+9
🇧🇷 Byzantines · Brazil
1713
+12
🇧🇷 Goths · Brazil
1529
+19
🇦🇷 Cumans · Argentina
1659
-13
🇩🇪 Portuguese · Germany
1654
-13
🇦🇺 Inca · Australia
1614
-11
🇭🇰 Bengalis · Hong Kong SAR China
1606
-11
Obuk
7:17 Loom
ResonanceFreq
7:01 Loom
Springles
7:04 Loom
RustyCrowHK
7:10 Loom
KROY
5:36 Loom
8:19 Feudal Age
Pedro
7:11 Loom
9:39 Feudal Age
Flash_br
3:28 Loom
8:32 Feudal Age
GuneR
6:17 Loom
Connection lost

Rejoining the realm…

Still unreachable

The connection could not be restored.

Session expired

The server has moved on; the page needs a fresh start.